 Dungeon Crawl Stone Soup version 0.30-a0-269-gf0224bf7b6 (webtiles) character file.

Game seed: 11122116654423818558

2 tilp the Cudgeller (level 1, -2/17 HPs)
             Began as a Meteoran Reaver on Oct 14, 2022.
             Frozen to death by an endoplasm (5 damage)
             ... on level 1 of the Dungeon.
             The game lasted 00:00:46 (102 turns).

tilp the Cudgeller (Meteoran Reaver)                 Turns: 102, Time: 00:00:46

Health: -2/17      AC:  7    Str: 13    XL:     1   Next: 42%
Magic:  5/5        EV: 12    Int: 14    God:
Gold:   0          SH:  0    Dex: 12    Spells: 4/5 levels left

rFire   . . .      SeeInvis .    a - +0 mace
rCold   . . .      Faith    .    (no shield)
rNeg    . . .      Spirit   .    b - +0 leather armour
rPois   .          Reflect  .    (no helmet)
rElec   .          Harm     .    (no cloak)
rCorr   .          Rampage  .    (no gloves)
Will    .....                    (no boots)
Stlth   +.........               (no amulet)
HPRegen 0.22/turn                f - +4 ring of protection
MPRegen 0.09/turn                (no ring)

@: glowing
A: sense surroundings 1, otherworldly, glowing, explore regen
a: no special abilities


You were on level 1 of the Dungeon.
You visited 1 branch of the dungeon, and saw 1 of its levels.

Inventory:

Hand Weapons
 a - a +0 mace (weapon)
Armour
 b - a +0 leather armour (worn)
Jewellery
 f - a +4 ring of protection (left hand)
Scrolls
 c - a scroll of magic mapping {unknown}
Potions
 d - a potion of resistance {unknown}
 e - a potion of heal wounds {unknown}


   Skills:
 + Level 2.2 Fighting
 * Level 4.0 Maces & Flails
 + Level 2.4 Dodging
 + Level 2.7 Spellcasting
 + Level 3.6 Conjurations
 + Level 0.0 Necromancy


You had 4 spell levels left.
You knew the following spells:

 Your Spells              Type           Power      Damage    Failure   Level
a - Kiss of Death         Conj/Necr      28%        2d7       13%         1

Your spell library contained the following spells:

 Spells                   Type           Power      Damage    Failure   Level
 Momentum Strike          Conj/Tloc      14%        3d8       21%         2
 Hailstorm                Conj/Ice       7%         3d4       36%         3


Dungeon Overview and Level Annotations

Branches:
Dungeon (1/15) Zot: 494

Altars:


Innate Abilities, Weirdness & Mutations

You passively map a small area around you.
You are easily found by Zot.
You glow in the dark.
You regain HP and MP as you explore.


Message History

The rat bites you.
You sock the rat!
You kill the rat!
The bat hits you but does no damage. x2
You closely miss the bat. The bat hits you but does no damage.
You closely miss the bat. The bat barely misses you.
You thump the bat!
You kill the bat!
Things that are here:
a bat corpse; a rat corpse
Found a twisted jade ring.
f - a +4 ring of protection
f - a +4 ring of protection (left hand)
An endoplasm comes into view.
Found a stone staircase leading down.
The endoplasm quivers.
The endoplasm moves out of view.
The endoplasm freezes you.
You are frozen.
You barely miss the endoplasm. The endoplasm freezes you.
You are frozen.
You hit the endoplasm.
The endoplasm is lightly wounded.
The endoplasm freezes you.
You are frozen.
The endoplasm freezes you.
You are frozen.
* * * LOW HITPOINT WARNING * * *
You hit the endoplasm but do no damage.
The endoplasm is lightly wounded.
The endoplasm freezes you.
You are frozen.
* * * LOW HITPOINT WARNING * * *
Unknown command.
You hit the endoplasm.
The endoplasm is almost dead.
The endoplasm freezes you.
You are frozen.
You die...

* * **..# #.# #.#
#.# , #.# #.# , ,
#.# #.# , , ####
#.# #.#
.....##.########.#
,* #.............#
, *
####.########## ,
, #@J.# ,
..........# * , ,
......>...#
########.## * #.#
,* #.# , #.# .# *
*


You could see an endoplasm.

Vanquished Creatures
  A bat (D:1)
  2 rats (D:1)
3 creatures vanquished.

Notes
Turn   | Place    | Note
-------+----------+-------------------------------------------
     0 | D:1      | tilp the Meteoran Reaver began the quest for the Orb.
     0 | D:1      | Reached XP level 1. HP: 17/17 MP: 5/5
   102 | D:1      | Frozen to death by an endoplasm

Illustrated notes

Levels and vault maps discovered:
D:1:      lemuel_arrival_hallway, layout_loops_ring, serial_shops, shop_coins

Action                   || total
-------------------------++-------
Melee: Mace              ||    15
Armor: Leather armour    ||     8
Dodge: Dodged            ||     7

Table legend: (Time is in decaauts)
 A = Elapsed time spent in this place.
 B = Non-inter-level travel time spent in this place.
 C = Inter-level travel time spent in this place.
 D = Time resting spent in this place.
 E = Time spent auto-exploring this place.
 F = Levels seen in this place.
 G = Mean time per level.
                   A        B        C        D        E       F      G
               +--------+--------+--------+--------+--------+-----+--------+
         Total |    104 |    104 |      0 |      0 |      0 |   1 |  104.0 |
       Dungeon |    104 |    104 |      0 |      0 |      0 |   1 |  104.0 |
               +--------+--------+--------+--------+--------+-----+--------+

Top non-repeatable levels by time:
     D:1: 104 daAuts
